Map: Ascension to Aiur LE

Players

Bombs - Winner!

  • Race: Terran Terran
  • League: Grandmaster
  • Spawn Location: 5:00

juggrWOW

  • Race: Terran Terran
  • League: Master
  • Spawn Location: 11:00

VOD

Have the link to the VOD?

Description

Time

  • Played on: May 22, 2017, 11:09 p.m.
  • Length: 11:11
Show
View Real Time Build Order
Export as new Build Order

Bombs Terran - Winner!

Build Orders: Cyclone Opening, Bio Tank 

Get SALT Encoding   

  12  0:00  SCV  
  13  0:12  SCV  
  14  0:17  Supply Depot  
  14  0:25  SCV  
  14  0:28  Refinery  
  15  0:38  SCV  
  16  0:45  Barracks  
  16  0:51  SCV  
  17  1:04  SCV  
  18  1:17  SCV  
  20  1:32  Reaper  
  20  1:33  Orbital Command  
  20  1:52  Command Center  
  20  2:01  Factory  
  20  2:02  SCV  
  20  2:07  Barracks Reactor  
  21  2:13  Supply Depot  
  21  2:15  SCV  
  22  2:23  Refinery  
  22  2:31  SCV  
  23  2:43  SCV  
  24  2:45  Marine x2  
  24  2:46  Cyclone  
  29  2:55  SCV  
  30  3:04  Marine  
  30  3:05  Marine  
  31  3:13  Starport  
  31  3:15  SCV  
  32  3:23  Orbital Command  
  32  3:27  SCV  
  32  3:29  Marine x2  
  32  3:31  Cyclone  
  38  3:39  SCV  
  39  3:49  SCV  
  39  3:51  SCV  
  39  3:55  Starport Tech Lab  
  41  3:59  Supply Depot  
  41  4:01  SCV  
  42  4:03  SCV  
  42  4:04  Marine x2  
  42  4:05  Factory Tech Lab  
  45  4:13  SCV  
  46  4:20  SCV, Raven  
  46  4:22  Supply Depot  
  49  4:31  SCV  
  49  4:32  Command Center, SCV  
  49  4:34  Siege Tank  
  54  4:43  SCV  
  54  4:44  SCV  
  54  4:45  Supply Depot  
  56  4:51  Supply Depot  
  56  4:53  Marine x2  
  56  4:55  SCV  
  56  4:57  Supply Depot  
  56  4:58  SCV  
  60  5:08  SCV  
  60  5:10  Refinery  
  60  5:11  Barracks  
  60  5:12  Barracks  
  61  5:14  Refinery  
  61  5:15  SCV  
  61  5:17  Raven  
  61  5:20  SCV  
  65  5:29  Barracks x2, SCV  
  65  5:32  SCV  
  67  5:37  Siege Tank  
  67  5:41  SCV  
  71  5:44  SCV  
  71  5:46  Supply Depot  
  71  5:49  Marine  
  73  5:50  Marine  
  73  5:52  Orbital Command  
  73  5:56  Engineering Bay  
  74  6:03  SCV  
  75  6:08  Barracks Tech Lab  
  75  6:10  Supply Depot  
  75  6:11  Starport Reactor, SCV, Supply Depot  
  76  6:12  Orbital Command  
  76  6:16  SCV  
  76  6:17  Marine x2  
  79  6:18  Barracks Reactor  
  79  6:20  Barracks Reactor  
  79  6:23  SCV  
  80  6:28  SCV  
  80  6:30  Marine  
  80  6:31  Marine  
  80  6:32  Combat Shields, Stimpack  
  83  6:35  SCV  
  83  6:39  Marine  
  84  6:40  SCV x2, Marine  
  84  6:41  Siege Tank  
  91  6:47  SCV  
  91  6:49  Terran Infantry Weapons Level 1  
  91  6:52  SCV, Engineering Bay  
  91  6:53  SCV  
  94  6:59  SCV  
  95  7:01  Marine x2  
  95  7:04  SCV  
  95  7:06  SCV  
  95  7:07  Marine x5  
  104  7:11  SCV  
  104  7:14  Medivac x2  
  109  7:16  SCV  
  109  7:18  SCV  
  109  7:20  Terran Infantry Armor Level 1  
  109  7:22  Factory  
  111  7:24  SCV  
  111  7:26  Supply Depot  
  112  7:31  Armory  
  112  7:33  Marine x6  
  118  7:43  SCV  
  112  7:45  SCV  
  112  7:48  Siege Tank, SCV  
  107  7:53  Marine x5  
  107  7:54  Marine x2  
  107  7:55  SCV  
  107  7:57  Marine  
  116  8:03  SCV  
  116  8:07  SCV  
  116  8:11  Marine x5  
  119  8:13  SCV, Marine x2  
  119  8:19  Marine  
  123  8:20  Siege Tank, Medivac  
  123  8:21  Medivac  
  123  8:24  Supply Depot  
  123  8:25  Supply Depot  
  123  8:26  SCV  
  131  8:29  Factory Tech Lab, Marine  
  131  8:32  Refinery x2  
  132  8:42  Command Center  
  132  8:48  Siege Tank  
  132  8:50  Supply Depot  
  132  8:51  Supply Depot  
  135  8:56  Marine x6  
  135  8:57  Siege Tank  
  144  9:03  SCV  
  145  9:10  Marine x2  
  145  9:13  Marine  
  145  9:14  Marine x4  
  152  9:23  Barracks x2  
  152  9:24  Barracks  
  149  9:28  SCV  
  134  9:34  Marine  
  134  9:35  Marine  
  134  9:36  Siege Tank  
  134  9:39  Marine x6  
  140  9:52  Medivac x2, Marine x2  
  142  9:55  Planetary Fortress  
  142  9:57  Marine x3  
  149  10:07  Marine x3  
  149  10:09  Siege Tank, Marine  
  149  10:10  Marine x2  
  149  10:13  Barracks Reactor  
  158  10:14  Barracks Reactor, Marine  
  158  10:15  Marine x2  
  161  10:28  Command Center, Marine  
  162  10:32  Barracks Reactor  
  162  10:33  Marine x3  
  162  10:35  Marine x4  
  166  10:36  Medivac x2  
  166  10:37  Siege Tank  
  175  10:45  Marine  
Show
View Real Time Build Order
Export as new Build Order

juggrWOW Terran 

Build Orders: Cyclone Opening, Bio Tank 

Get SALT Encoding   

  12  0:00  SCV  
  13  0:13  SCV  
  14  0:17  Supply Depot  
  14  0:25  SCV  
  15  0:29  Refinery  
  15  0:39  SCV  
  16  0:51  SCV  
  17  0:58  Barracks  
  17  1:03  SCV  
  18  1:15  SCV  
  19  1:27  SCV  
  21  1:46  Reaper  
  21  1:47  Orbital Command  
  21  1:56  Command Center  
  21  1:59  Factory  
  21  2:13  SCV  
  22  2:20  Supply Depot  
  22  2:23  Barracks Reactor  
  22  2:26  Refinery  
  22  2:27  SCV  
  23  2:45  Cyclone  
  23  2:46  SCV  
  27  2:58  SCV  
  27  3:01  Marine x2  
  30  3:08  Orbital Command  
  30  3:10  SCV  
  31  3:19  Starport  
  31  3:22  SCV  
  31  3:23  Marine x2  
  31  3:24  Factory Tech Lab  
  34  3:34  SCV  
  34  3:37  SCV  
  36  3:42  Marine x2  
  36  3:47  SCV  
  39  3:53  Siege Tank  
  39  3:54  SCV  
  43  3:56  Command Center  
  43  3:59  SCV  
  43  4:01  Marine x2  
  46  4:13  SCV  
  46  4:18  Supply Depot  
  46  4:19  Supply Depot  
  46  4:25  Supply Depot  
  46  4:27  Viking, SCV, Marine x2  
  46  4:30  SCV  
  52  4:39  Siege Tank, SCV  
  52  4:42  SCV  
  57  4:48  Refinery  
  57  4:49  Refinery  
  57  4:51  SCV, Supply Depot  
  58  4:52  Supply Depot  
  58  4:57  Engineering Bay  
  58  5:02  Engineering Bay  
  57  5:09  Barracks  
  57  5:11  SCV  
  57  5:13  Barracks Tech Lab  
  58  5:16  Orbital Command  
  58  5:18  Starport Reactor  
  58  5:20  SCV  
  59  5:24  SCV  
  60  5:31  Siege Tank  
  60  5:34  SCV  
  64  5:35  Marine  
  64  5:36  SCV  
  64  5:40  Stimpack  
  64  5:41  SCV  
  67  5:48  SCV  
  68  5:51  Terran Infantry Armor Level 1, Terran Infantry Weapons Level 1  
  68  5:54  SCV  
  68  5:55  Marine x2  
  71  6:05  Marine  
  71  6:10  SCV  
  73  6:11  Barracks  
  73  6:12  Barracks, SCV  
  73  6:13  Marine x2  
  73  6:18  SCV  
  75  6:26  Marine  
  75  6:30  SCV  
  75  6:31  Marine x2  
  79  6:33  Barracks  
  79  6:36  Armory  
  77  6:43  SCV x2  
  77  6:44  SCV, Marine  
  81  6:48  Siege Tank, Marine  
  81  6:49  Medivac  
  81  6:51  Marine  
  88  6:58  Medivac  
  88  7:00  Barracks Reactor x2  
  88  7:01  Orbital Command, Marine  
  90  7:04  SCV  
  90  7:06  SCV  
  91  7:08  Marine  
  91  7:09  Marine  
  93  7:16  Factory, SCV  
  93  7:20  Siege Tank  
  93  7:21  Marine  
  99  7:23  Barracks Reactor  
  99  7:26  SCV x2  
  99  7:29  Marine  
  100  7:30  Marine  
  100  7:34  SCV  
  100  7:35  Medivac  
  100  7:36  Medivac  
  105  7:38  SCV  
  105  7:39  Marine  
  95  7:47  Marine  
  95  7:51  Marine x5  
  82  7:52  Siege Tank  
  82  7:57  Marine  
  85  8:05  Marine  
  79  8:08  Marine x2  
  79  8:09  Marine x4  
  80  8:14  Marine x2  
  80  8:16  Medivac x2  
  80  8:19  Orbital Command  
  85  8:23  Marine  
  85  8:24  Siege Tank  
  85  8:25  Factory Tech Lab  
  85  8:26  Marine x3  
  92  8:27  Marine x2  
  92  8:28  Marine  
  92  8:29  SCV x2  
  92  8:32  Terran Infantry Weapons Level 2, Marine  
  98  8:40  Marine  
  99  8:44  SCV x2  
  101  8:50  Marine x2  
  101  8:51  Siege Tank, Medivac, Marine  
  109  9:11  SCV  
  109  9:13  Combat Shields  
  109  9:24  SCV  
  109  9:30  Marine x2  
  93  9:37  Marine  
  93  9:38  Marine x6  
  83  9:40  Siege Tank x2  
  83  9:41  Medivac  
  83  9:45  Command Center, Refinery  
  94  9:46  Refinery  
  94  9:48  Marine x2  
  94  9:50  Supply Depot  
  94  9:51  Supply Depot  
  94  9:52  Supply Depot  
  96  9:55  Marine x2  
  96  9:59  Barracks  
  98  10:00  Marine x4  
  98  10:01  Barracks  
  98  10:02  Medivac, Barracks  
  98  10:06  Marine x2  
  106  10:12  Siege Tank, Marine  
  106  10:13  Siege Tank, Marine x2  
  115  10:18  Supply Depot  
  115  10:19  Marine x2  
  115  10:20  Supply Depot  
  117  10:21  Marine  
  117  10:22  Marine  
  117  10:24  Marine x2  
  121  10:32  Marine x2  
  123  10:41  Marine x2  
  125  10:43  Marine x2  
  125  10:48  Marine x2  
Tags
 
Add a new tag
Caveats
  • Supply blocks, unpowered buildings, or Contaminate may cause inaccurate times.
  • Supply counts are checked every 10 seconds.